 Dungeon Crawl Stone Soup version 0.25-b1-41-g19641232cd (webtiles) character file.

Game seed: 9044899118202877962

99109 grindst0ne the Unseen (level 15, -11/75 HPs)
             Began as a Spriggan Enchanter on June 8, 2020.
             Was the Champion of Dithmenos.
             Killed by the raging water
             ... invoked by a water nymph
              (36 damage)
             ... on level 1 of the Shoals.
             The game lasted 02:40:30 (40855 turns).

grindst0ne the Unseen (Spriggan Enchanter)         Turns: 40855, Time: 02:40:30

Health: -11/75     AC:  7    Str:  4    XL:     15   Next: 76%
Magic:  20/37      EV: 32    Int: 27    God:    Dithmenos [******]
Gold:   1052       SH:  5    Dex: 17    Spells: 9/30 levels left

rFire    . . .     SeeInvis +   q - +4 dagger (drain)
rCold    + . .     Gourm    .   (shield restricted)
rNeg     + . .     Faith    .   N - +2 robe {rF+}
rPois    .         Spirit   .   (helmet restricted)
rElec    +         Reflect  +   P - +2 cloak {rCorr}
rCorr    +         Harm     .   (gloves unavailable)
MR       ++...                  (boots unavailable)
Stlth    +++++++...             K - amulet of Qialepew {Reflect Int+2 SH+5}
HPRegen  0.22/turn              A - ring of magical power
MPRegen  0.25/turn              Y - ring of Warayw {Ice rElec rN+ Int+2}

@: wreathed by umbra, studying Staves, slow
A: very small, unfitting armour, see invisible, herbivore, speed 3, slow
metabolism 2
a: Shadow Step, Shadow Form, Renounce Religion


You were on level 1 of the Shoals.
You worshipped Dithmenos.
Dithmenos was exalted by your worship.
You were hungry.

You visited 4 branches of the dungeon, and saw 24 of its levels.
You also visited: Sewer, Ossuary and Ice Cave.

You collected 2430 gold pieces.
You spent 1378 gold pieces at shops.

Inventory:

Hand Weapons
 q - a +4 dagger of draining (weapon)
Missiles
 j - 141 poisoned darts
 m - 10 curare-tipped darts (quivered)
 O - a throwing net
Armour
 F - a +2 buckler
 N - a +2 robe of fire resistance (worn)
 P - a +2 cloak of preservation (worn)
 R - a +1 robe of cold resistance
 X - a +2 robe of positive energy
Jewellery
 l - an uncursed ring of flight
 r - an uncursed ring of protection from fire
 y - an uncursed amulet of regeneration
 A - a ring of magical power (left hand)
 G - a +4 ring of protection
 K - the amulet of Qialepew (around neck) {Reflect Int+2 SH+5}
   (You acquired it on level 1 of the Shoals)

   [amulet of reflection]

   It shields you and reflects attacks.
   It affects your intelligence (+2).
   It affects your SH (+5).
 Y - the ring of Warayw (right hand) {Ice rElec rN+ Int+2}
   (You bought it in a shop on level 1 of the Shoals)

   [ring of ice]

   It enhances your ice magic.
   It affects your intelligence (+2).
   It makes you vulnerable to fire.
   It protects you from cold.
   It insulates you from electricity.
   It protects you from negative energy.
Wands
 D - a wand of flame (28)
 H - a wand of random effects (5)
 J - a wand of digging (4)
 U - a wand of polymorph (17)
 W - a wand of enslavement (10)
Scrolls
 c - 9 scrolls of remove curse
 e - 9 scrolls of immolation
 h - 11 scrolls of enchant armour
 n - 6 scrolls of enchant weapon
 o - a scroll of silence
 s - a scroll of holy word
 t - 2 scrolls of fog
 v - 10 scrolls of teleportation
 w - 3 scrolls of magic mapping
 C - 5 scrolls of vulnerability
 E - 7 scrolls of amnesia
 M - a scroll of fear
 S - 6 scrolls of blinking
Potions
 a - 4 potions of flight
 b - 5 potions of haste
 f - 10 potions of curing
 i - 3 potions of stabbing
 k - 2 potions of magic {unknown}
 p - a potion of mutation
 u - a potion of ambrosia
 x - 4 potions of lignification {unknown}
 z - 5 potions of cancellation
 B - 2 potions of berserk rage
 I - a potion of might
 T - 2 potions of invisibility
 V - a potion of brilliance
Books
 L - a manual of Staves
Comestibles
 d - 28 rations


   Skills:
 + Level 7.1 Fighting
 - Level 1.1 Short Blades
 - Level 16.0 Dodging
 - Level 20.0 Stealth
 - Level 8.0 Spellcasting
 - Level 11.2 Hexes
 - Level 5.0 Translocations
 - Level 1.0 Ice Magic
 - Level 3.0 Air Magic
 + Level 8.4 Earth Magic
 - Level 2.0 Poison Magic
 + Level 11.0 Invocations
 - Level 12.0 Evocations


You had 9 spell levels left.
You knew the following spells:

 Your Spells              Type           Power        Failure   Level  Hunger
a - Corona                Hex            ######.      1%          1    None
b - Ensorcelled Hibernat  Hex/Ice        ######       1%          2    None
c - Confusing Touch       Hex            ######..     1%          3    None
d - Tukima's Dance        Hex            ######..     1%          3    None
e - Blink                 Tloc           N/A          1%          2    None
f - Mephitic Cloud        Conj/Pois/Air  ###.....     9%          3    None
g - Lee's Rapid Deconstr  Erth           ######....   4%          5    ####...
h - Slow                  Hex            ######..     1%          2    None

Your spell library contained the following spells:

 Spells                   Type           Power        Failure   Level  Hunger
 Apportation              Tloc           #####.       1%          1    None
 Sandblast                Erth           ######       1%          1    None
 Passwall                 Tmut/Erth      ####....     1%          2    None
 Dazzling Flash           Conj/Hex       #####.       1%          3    None
 Cause Fear               Hex            ######....   1%          4    ##.....
 Shock                    Conj/Air       ###.         2%          1    None
 Poisonous Vapours        Pois/Air       ###...       2%          2    None
 Stone Arrow              Conj/Erth      ####..       2%          3    None
 Animate Skeleton         Necr           N/A          5%          1    None
 Foxfire                  Conj/Fire      ##..         5%          1    None
 Magic Dart               Conj           ##..         5%          1    None
 Summon Small Mammal      Summ           ##..         5%          1    None
 Call Imp                 Summ           ##......     8%          2    None
 Petrify                  Tmut/Erth      ####....     10%         4    ##.....
 Metabolic Englaciation   Hex/Ice        ######....   12%         5    ####...
 Conjure Flame            Conj/Fire      ##......     16%         3    None
 Ice Form                 Ice/Tmut       ###.....     38%         4    ##.....
 Freezing Cloud           Conj/Ice/Air   ####......   99%         6    ######.
 Ozocubu's Refrigeration  Ice            ###.......   99%         6    ######.
 Simulacrum               Ice/Necr       ###.......   100%        6    ######.
 Dragon Form              Tmut           ##........   100%        7    #######
 Ring of Flames           Chrm/Fire      ##........   100%        7    #######
 Dragon's Call            Summ           ##........   100%        9    #######


Dungeon Overview and Level Annotations

Branches:
Dungeon (15/15)            Temple (0/1) D:7            Lair (6/6) D:9
 Shoals (1/4) Lair:2        Snake (0/4) Lair:3        Slime (0/5) Lair:6
    Orc (2/2) D:9             Elf (0/3) Orc:2        Vaults (0/5) D:14
 Depths (0/5) D:15          Sewer (visited)         Ossuary (visited)
  IceCv (visited)

Altars:
Cheibriados
Dithmenos
Fedhas
Gozag
Makhleb
Nemelex Xobeh
Qazlal
Ru
Sif Muna
Uskayaw
Wu Jian
The Shining One
Beogh

Shops:
D:8 }   D:9 [   D:11 :   Orc:2 ?([*   Shoals:1 =

Annotations:
D:7 exclusion: downstairs
D:8 exclusion: downstairs
D:10 exclusion: downstairs
D:12 exclusion: upstairs
D:14 exclusion: downstairs
Lair:4 exclusion: downstairs
Lair:5 exclusion: downstairs
Shoals:1 2 transporters, Ullipcorian's ghost, adept HOFi


Innate Abilities, Weirdness & Mutations

You are very small and have problems with some larger weapons.
You are too small for most types of armour.
You have supernaturally acute eyesight. (SInv)
You are a herbivore.
You cover ground extremely quickly.
You need to consume almost no food.


Message History

Casting: Ensorcelled Hibernation (safe; 1% risk of failure)
Confirm with . or Enter, or press ? or * to list all spells.
Aiming: Ensorcelled Hibernation (safe; 1% risk of failure)
Press: ? - help, Shift-Dir - straight line, f/p - water nymph
Aim: a water nymph (umbra, chance to defeat MR: 11%)
You feel a surge of power!
The water nymph resists with almost no effort.
Your shadow mimicks your spell!
The water nymph resists with almost no effort.
The water nymph gestures at you while chanting.
The water swirls and strikes you!!
You emit a cloud of dark smoke.
The water nymph points at you and mumbles some strange words.
The water swirls and strikes you!!
* * * LOW HITPOINT WARNING * * *
You feel much better.
The water nymph gestures at you while chanting.
The water swirls and strikes you!!
The water nymph points at you and mumbles some strange words.
The water swirls and strikes you!!!
You die...

≈≈.∩....(.≈≈≈≈≈≈≈≈≈≈≈≈≈≈
.........§.≈≈≈≈≈≈≈≈≈≈≈≈≈
...≈≈≈≈≈≈§§≈≈≈≈≈≈≈≈≈≈≈≈≈
≈≈≈≈≈≈≈≈≈§§§≈≈≈≈≈≈≈≈≈≈≈≈
≈.≈..≈≈≈≈§§§≈≈≈≈≈≈≈≈≈≈≈≈
...####.§§####≈≈≈P≈≈≈≈≈≈
.###$ #####H.##m≈≈≈≈≈≈≈≈
## W#."!?!(...#≈≈≈≈P≈P≈≈
# ..t###?.y##.##@)≈≈≈≈≈≈
##.#.....#.....#≈≈P≈≈≈≈≈
≈#...#[.©..##..#≈PPP≈≈≈≈
.#.S##H.#......#.PPP≈≈≈≈
.#t...#. .#S..##≈≈PP≈≈≈≈
≈##..t. #....#≈≈≈PPP≈≈≈
m≈##H### .#####≈≈≈≈P≈≈≈≈
≈≈.###©####....≈≈.PP≈≈≈≈
≈............#†..≈≈P≈≈≈≈


You could see a water nymph.

Vanquished Creatures
  Rupert (Lair:6)
  An orc warlord (Orc:2)
  Nessos (D:14)
  Snorg (Lair:6)
  Josephine (D:12)
  Erolcha (D:11)
  Fannar (D:11)
  6 hydras
  A catoblepas (D:14)
  Erica (D:8)
  A centaur warrior (D:15)
  4 two-headed ogres
  3 death yaks (Lair:5)
  Urug (D:12)
  4 orc high priests (Orc:2)
  A vampire mage (D:15)
  A fire crab (Lair:5)
  9 skeletal warriors
  An unseen horror (shapeshifter) (D:15)
  An unseen horror (D:11)
  A wizard (D:14)
  3 sea snakes (Shoals:1)
  5 orc knights
  A deep elf mage (D:15)
  A wolf spider zombie (D:12)
  5 orc sorcerers
  A frost giant zombie (D:15)
  A faun (Shoals:1)
  2 necromancers
  6 oklob plants
  2 ugly things
  3 cyclopes
  3 manticores
  Maurice (D:11)
  A water nymph (Shoals:1)
  4 merfolk sirens
  15 elephants
  3 ice statues (IceCv)
  8 black mambas
  8 spiny frogs
  A centaur skeleton (D:10)
  An efreet (D:15)
  A rime drake (Lair:5)
  2 komodo dragons
  4 ice devils (IceCv)
  6 merfolk
  8 trolls
  A wind drake (Shoals:1)
  4 hornets (Lair:6)
  4 slime creatures
  18 blink frogs
  9 polar bears
  11 dream sheep
  7 hippogriffs
  18 spriggans
  A shadow (D:13)
  2 vampires (D:9)
  Eustachio (D:5)
  A wyvern (Lair:2)
  2 yaks (shapeshifter)
  A basilisk (Lair:1)
  6 wraiths
  4 hungry ghosts
  3 vampire mosquitoes (D:15)
  35 yaks
  Menkaure (D:7)
  5 wargs
  A soldier ant (D:10)
  An acid dragon (D:11)
  7 porcupines
  11 water moccasins
  A tengu zombie (D:15)
  37 orc warriors
  6 black bears
  An ice beast (D:11)
  7 sky beasts
  11 ogres
  An eye of draining (D:11)
  7 phantoms
  19 wolves
  4 boggarts (Lair:6)
  14 centaurs
  12 crocodiles
  A crocodile (shapeshifter) (D:15)
  14 bullfrogs
  An elf zombie (Ossuary)
  2 yaktaur zombies (D:15)
  Blork the orc (D:5)
  4 big kobolds
  A gnoll sergeant (D:6)
  A wyvern zombie (D:14)
  A water moccasin zombie (D:8)
  4 scorpions
  2 wyvern skeletons (D:9)
  14 killer bees
  21 wights
  5 electric eels
  6 crimson imps
  A quasit (D:12)
  5 centaur zombies
  2 bullfrog zombies
  3 draconian simulacra (IceCv)
  11 hounds
  8 jellies
  A gnoll shaman (D:7)
  2 human zombies (Ossuary)
  20 orc priests
  3 bullfrog skeletons
  33 orc wizards
  Jessica (D:2)
  6 iguanas
  Terence (D:3)
  A spriggan simulacrum (IceCv)
  12 worker ants
  3 troll simulacra (IceCv)
  A big kobold zombie (Ossuary)
  A bullfrog simulacrum (D:11)
  3 hound zombies
  3 mummies (Ossuary)
  A howler monkey zombie (D:5)
  A worker ant zombie (D:6)
  8 gnolls
  A naga simulacrum (IceCv)
  2 river rats
  16 adders
  A howler monkey skeleton (D:8)
  2 ogre simulacra (IceCv)
  7 shadow imps
  13 white imps (D:11)
  A worker ant simulacrum (D:11)
  An ufetubus (D:11)
  3 oozes
  2 adder skeletons
  7 adder zombies
  A worm (D:4)
  A dart slug (D:1)
  6 leopard geckos
  106 orcs
  7 bats
  10 giant cockroaches
  7 goblins
  10 hobgoblins
  16 jackals
  6 quokkas
  A ball python skeleton (D:4)
  4 frilled lizards
  3 goblin zombies (Ossuary)
  5 hobgoblin zombies (Ossuary)
  A jackal skeleton (D:4)
  2 jackal zombies (Ossuary)
  11 kobolds
  9 kobold zombies (Ossuary)
  2 orc zombies (Ossuary)
  A quokka skeleton (D:5)
  18 rats
  3 rat zombies (Ossuary)
  3 plants (Lair:1)
910 creatures vanquished.

Vanquished Creatures (collateral kills)
  A rakshasa (D:15)
  A giant cockroach (D:4)
2 creatures vanquished.

Vanquished Creatures (others)
  A black mamba (Lair:6)
  3 fungi
  5 plants (Lair:5)
  2 withered plants (D:15)
11 creatures vanquished.

Grand Total: 923 creatures vanquished

Notes
Turn   | Place    | Note
-------+----------+-------------------------------------------
     0 | D:1      | grindst0ne the Spriggan Enchanter began the quest for the
                  | Orb.
     0 | D:1      | Reached XP level 1. HP: 9/9 MP: 5/5
   505 | D:1      | Reached XP level 2. HP: 9/13 MP: 4/6
   509 | D:1      | Learned a level 2 spell: Ensorcelled Hibernation
   720 | D:1      | Reached skill level 5 in Stealth
  1009 | D:1      | Reached XP level 3. HP: 11/16 MP: 8/8
  1287 | D:1      | Learned a level 3 spell: Confusing Touch
  1801 | D:2      | Reached XP level 4. HP: 21/21 MP: 4/9
  1856 | D:2      | Found a faded altar of an unknown god.
  2040 | D:2      | Noticed Jessica
  2046 | D:2      | Killed Jessica
  2046 | D:2      | Reached skill level 6 in Stealth
  2652 | D:3      | Noticed Terence
  2655 | D:3      | Killed Terence
  2655 | D:3      | Reached skill level 5 in Dodging
  2655 | D:3      | Reached skill level 5 in Hexes
  2655 | D:3      | Reached XP level 5. HP: 24/24 MP: 10/10
  3005 | D:3      | Learned a level 3 spell: Tukima's Dance
  3443 | D:3      | Found a hide-covered altar of Uskayaw.
  3859 | D:4      | Noticed an ogre
  3890 | D:4      | Killed an ogre
  3890 | D:4      | Reached skill level 7 in Stealth
  3890 | D:4      | Reached XP level 6. HP: 28/28 MP: 1/11
  4277 | D:4      | Reached XP level 7. HP: 28/32 MP: 5/12
  4449 | D:4      | Reached skill level 8 in Stealth
  5110 | D:5      | Entered Level 5 of the Dungeon
  5132 | D:5      | Noticed Blork the orc
  5142 | D:5      | Killed Blork the orc
  5149 | D:5      | Found a glowing drain.
  5160 | Sewer    | Entered a sewer
  5418 | Sewer    | Found a white marble altar of Elyvilon.
  5464 | D:5      | Found a shadowy altar of Dithmenos.
  5495 | D:5      | Found a sparkling altar of Nemelex Xobeh.
  5518 | D:5      | Reached skill level 9 in Stealth
  5528 | D:5      | Found a sand-covered staircase.
  5533 | Ossuary  | Entered an ossuary
  5776 | Ossuary  | Reached XP level 8. HP: 36/36 MP: 15/15
  6837 | D:5      | Reached skill level 10 in Stealth
  6877 | D:5      | Found a sacrificial altar of Ru.
  7320 | D:5      | Noticed Eustachio
  7336 | D:5      | Killed Eustachio
  7401 | D:5      | Found a shimmering blue altar of Sif Muna.
  7551 | D:5      | Became a worshipper of Dithmenos the Shadowed
  8375 | D:6      | Found a glowing golden altar of the Shining One.
  8931 | D:6      | Reached skill level 11 in Stealth
  8931 | D:6      | Reached XP level 9. HP: 39/39 MP: 16/16
  8956 | D:6      | Reached skill level 1 in Ice Magic
  9001 | D:6      | Reached * piety under Dithmenos
  9525 | D:6      | Reached skill level 10 in Dodging
  9757 | D:7      | Reached skill level 5 in Spellcasting
  9790 | D:7      | Found a staircase to the Ecumenical Temple.
 10081 | D:7      | Found a sacrificial altar of Ru.
 10295 | D:7      | Reached skill level 12 in Stealth
 10448 | D:7      | Noticed Menkaure
 10455 | D:7      | Killed Menkaure
 11508 | D:8      | Reached skill level 10 in Hexes
 11728 | D:8      | Found Teoq Gai's Gadget Shop.
 11751 | D:8      | Reached XP level 10. HP: 44/44 MP: 20/20
 11983 | D:8      | Bought a wand of paralysis (10) for 120 gold pieces
 12051 | D:8      | Reached ** piety under Dithmenos
 12158 | D:8      | Reached skill level 1 in Evocations
 12239 | D:8      | Found a stormy altar of Qazlal.
 12265 | D:8      | Found a burning altar of Makhleb.
 12590 | D:8      | Reached skill level 13 in Stealth
 13031 | D:8      | Noticed a three-headed hydra
 13297 | D:8      | Noticed Erica
 13312 | D:8      | Killed Erica
 13378 | D:8      | Reached skill level 5 in Evocations
 13395 | D:8      | Killed a three-headed hydra
 13395 | D:8      | Reached skill level 14 in Stealth
 13554 | D:8      | Learned a level 2 spell: Blink
 13558 | D:8      | Learned a level 3 spell: Mephitic Cloud
 13571 | D:8      | Found an ornate altar of the Wu Jian Council.
 13597 | D:8      | Reached XP level 11. HP: 47/47 MP: 21/21
 13876 | D:9      | Found a staircase to the Lair.
 13993 | D:9      | Noticed a two-headed ogre
 14013 | D:9      | Killed a two-headed ogre
 14013 | D:9      | Reached skill level 1 in Translocations
 14013 | D:9      | Reached skill level 1 in Poison Magic
 14013 | D:9      | Reached skill level 1 in Invocations
 14020 | D:9      | Reached *** piety under Dithmenos
 14020 | D:9      | Reached skill level 1 in Air Magic
 14430 | D:9      | Found Cheibriados's Comfort Zone.
 14430 | D:9      | Found a snail-covered altar of Cheibriados.
 15181 | D:9      | Found a staircase to the Orcish Mines.
 15421 | D:10     | Entered Level 10 of the Dungeon
 15684 | D:10     | You fall into a shaft and drop 3 floors!
 15769 | D:13     | Noticed a two-headed ogre
 15909 | D:13     | Killed a two-headed ogre
 15950 | D:13     | Found a blossoming altar of Fedhas.
 15952 | D:13     | Noticed an oklob plant
 15952 | D:13     | Noticed an oklob plant
 16089 | D:12     | Reached **** piety under Dithmenos
 16511 | D:12     | Reached skill level 5 in Translocations
 16526 | D:12     | Reached skill level 15 in Stealth
 16587 | D:11     | Found a frozen archway.
 16588 | D:11     | Noticed Maurice
 16697 | D:11     | Noticed a purple ugly thing
 16791 | D:11     | Killed a purple ugly thing
 16827 | D:11     | Noticed a six-headed hydra
 16844 | D:11     | Killed a six-headed hydra
 16849 | D:11     | Killed Maurice
 16849 | D:11     | Reached XP level 12. HP: 32/51 MP: 11/23
 16944 | D:11     | Noticed Fannar
 16995 | D:11     | Found an opulent altar of Gozag.
 17028 | D:11     | Reached ***** piety under Dithmenos
 17030 | D:11     | Killed Fannar
 17059 | IceCv    | Entered an ice cave
 18098 | IceCv    | Reached skill level 1 in Fighting
 18463 | IceCv    | Found the +18 shield of the Gong {rElec rN+ MR+ EV-5}
 18907 | D:10     | Noticed a two-headed ogre
 19005 | D:10     | Killed a two-headed ogre
 19005 | D:10     | Reached skill level 16 in Stealth
 19544 | Lair:1   | Entered Level 1 of the Lair of Beasts
 19859 | Lair:1   | Reached skill level 15 in Dodging
 19966 | Lair:1   | Noticed a four-headed hydra
 19999 | Lair:1   | Killed a four-headed hydra
 20118 | Lair:1   | Noticed a five-headed hydra
 20173 | Lair:1   | Killed a five-headed hydra
 20770 | Lair:1   | Got a steaming scimitar
 21292 | Lair:2   | Reached skill level 17 in Stealth
 21318 | Lair:2   | Reached XP level 13. HP: 60/60 MP: 26/26
 21388 | Lair:2   | Learned a level 5 spell: Lee's Rapid Deconstruction
 21421 | Lair:2   | Found a staircase to the Shoals.
 21427 | Lair:2   | Reached skill level 5 in Invocations
 22245 | Lair:3   | Found a staircase to the Snake Pit.
 22970 | Lair:3   | Reached skill level 1 in Earth Magic
 23723 | Lair:4   | Reached ****** piety under Dithmenos
 23723 | Lair:4   | Reached skill level 18 in Stealth
 24430 | Lair:4   | Learned a level 2 spell: Slow
 25805 | Lair:6   | Entered Level 6 of the Lair of Beasts
 25845 | Lair:6   | Reached XP level 14. HP: 65/65 MP: 25/27
 25977 | Lair:6   | Found a staircase to the Slime Pits.
 26007 | Lair:6   | Noticed Snorg
 26068 | Lair:6   | Killed Snorg
 26068 | Lair:6   | Reached skill level 19 in Stealth
 26124 | Lair:6   | Reached skill level 5 in Earth Magic
 26621 | Lair:6   | Noticed Rupert
 26861 | Lair:6   | Killed Rupert
 27950 | D:11     | Noticed Erolcha
 28001 | D:11     | Killed Erolcha
 28717 | D:11     | Found Vutsouh's Book Shoppe.
 29451 | D:12     | Reached skill level 10 in Evocations
 29630 | D:12     | Noticed Josephine
 29738 | D:12     | Killed Josephine
 29806 | D:12     | Noticed Urug
 29812 | D:12     | Killed Urug
 30159 | D:13     | Reached skill level 5 in Fighting
 32429 | D:14     | Noticed Nessos
 32431 | D:14     | Killed Nessos
 32444 | D:14     | Found a gate to the Vaults.
 32498 | D:14     | Reached XP level 15. HP: 72/72 MP: 28/28
 33058 | D:14     | Reached skill level 10 in Invocations
 33373 | D:15     | Entered Level 15 of the Dungeon
 33792 | D:15     | Found a staircase to the Depths.
 34262 | Orc:1    | Entered Level 1 of the Orcish Mines
 34644 | Orc:2    | Entered Level 2 of the Orcish Mines
 34677 | Orc:2    | Found a roughly hewn altar of Beogh.
 35098 | Orc:2    | Found a roughly hewn altar of Beogh.
 35103 | Orc:2    | Found Kieveicw's Magic Scroll Shoppe.
 35115 | Orc:2    | Bought a scroll of blinking for 97 gold pieces
 35115 | Orc:2    | Bought a scroll of teleportation for 39 gold pieces
 35115 | Orc:2    | Bought a scroll of blinking for 97 gold pieces
 35115 | Orc:2    | Bought a scroll of blinking for 97 gold pieces
 35115 | Orc:2    | Bought a scroll of enchant weapon for 97 gold pieces
 35115 | Orc:2    | Bought a scroll of identify for 26 gold pieces
 35262 | Orc:2    | Found a staircase to the Elven Halls.
 35947 | Orc:2    | Found a roughly hewn altar of Beogh.
 36306 | Orc:2    | Found a roughly hewn altar of Beogh.
 36307 | Orc:2    | Found Huschesk's Assorted Antiques.
 36428 | Orc:2    | Found a shimmering blue altar of Sif Muna.
 36441 | Orc:2    | Identified Sif Muna's Guide on Lightness and Combat Magic
 36566 | Orc:2    | Noticed an orc warlord
 36835 | Orc:2    | Reached skill level 20 in Stealth
 36895 | Orc:2    | Killed an orc warlord
 36930 | Orc:2    | Found Othrayn's Antique Weapon Boutique.
 36931 | Orc:2    | Found a roughly hewn altar of Beogh.
 36937 | Orc:2    | Found Oddegutask's Antique Armour Shop.
 37120 | Orc:2    | Found a roughly hewn altar of Beogh.
 37333 | Orc:2    | Found a roughly hewn altar of Beogh.
 37849 | Lair:5   | Identified the cursed +3 scimitar of Okawaru {flame, +Rage
                  | Dex-4 SInv} (You found it on level 1 of the Lair of Beasts)
 40056 | Shoals:1 | Entered Level 1 of the Shoals
 40105 | Shoals:1 | Found Neonyits's Jewellery Emporium.
 40111 | Shoals:1 | Found a transporter.
 40129 | Shoals:1 | Noticed Ullipcorian's ghost (adept HOFi)
 40168 | Shoals:1 | Bought the ring of Warayw {Ice rElec rN+ Int+2} for 805
                  | gold pieces
 40403 | Shoals:1 | Found a transporter.
 40519 | Shoals:1 | Identified a scroll of acquirement
 40520 | Shoals:1 | Got the amulet of Qialepew {Reflect Int+2 SH+5}
 40855 | Shoals:1 | Killed from afar by a water nymph

Illustrated notes

Levels and vault maps discovered:
D:1:      giann_wishing_wells, layout_loops_ring
D:2:      layout_rooms, first_ration, chequers_ecumenical_altar_simple,
          supply_closet_lemuel, hangedman_decor_diamond_cutter, uniq_jessica
D:3:      layout_basic, old_standard_altar, columned_hall_lemuel, uniq_terence
D:4:      layout_gridville, hangedman_decor_peaks_small
D:5:      layout_layer_cave, lemuel_crystal_altar,
          nemelex_xobeh_ov_fountains_minmay, overflow_temple_1_default,
          portal_sewer_entry_a, enter_ossuary_2, minmay_ruined_shrine,
          uniq_eustachio, uniq_blork_the_orc
D:6:      layout_basic, lemuel_doored_altar
D:7:      layout_basic, nicolae_ru_awakened_eye, minmay_temple_entry_fiery,
          uniq_menkaure
D:8:      kb_forest_paths, layout_basic, nicolae_overflow_hidden_temple,
          marbit_many_paths, kennysheep_mini_moat, serial_shops, shop,
          hangedman_ranch [blue_anna_fruit_fields], uniq_erica
D:9:      layout_loops_ring, lair_entry_dummy, david_orc_4,
          grunt_decor_resistance, minmay_shop_chei
D:10:     layout_loops_corners, st_stairs_12, small_statue_intersection,
          nicolae_water_bricks
D:11:     layout_rooms, serial_shops, shop_statue, serial_ice, serial_ice_k,
          serial_ice_o, serial_ice_c, serial_ice_a, serial_ice_d, serial_ice_g,
          serial_ice_b, serial_ice_n, portal_ice_cave_entry_imps,
          nicolae_gozag_cash_rules_everything_around_me, uniq_fannar,
          uniq_maurice, uniq_erolcha
D:12:     layout_irregular_city, due_unseen_surprise, uniq_urug, uniq_josephine
D:13:     layout_stronghold, hangedman_abyss_or_decor_slice,
          hangedman_tree_tricks
D:14:     layout_basic, david_vaults_4, uniq_nessos
D:15:     gammafunk_depths_entry_grave, layout_long_grid,
          minmay_misc_feat_hallway
Lair:1:   minmay_lair_oklob_tunnel, layout_regular_city, serial_forest,
          infiniplex_forest_straight_2, infiniplex_forest_diagonal,
          infiniplex_forest_clump_tiny, infiniplex_forest_diagonal,
          infiniplex_forest_end_1, infiniplex_forest_lined_2,
          infiniplex_forest_lined_3, serial_bayou_shore_a, grunt_megastairs_3,
          serial_bayou_shore_b
Lair:2:   layout_loops_ring, elwin_shoals_entry_stream,
          chequers_serial_rivers_small_b, chequers_serial_rivers_small_b
Lair:3:   layout_hall_layers, minmay_snake_entry_six_corridors,
          lemuel_old_faithful, grunt_megastairs_1, infiniplex_staircase_pool,
          serial_bayou_shore_b
Lair:4:   layout_roguey, beast_lair_carwin_3
Lair:5:   layout_roguey
Lair:6:   minmay_lair_end_enchanted_forest, layout_small_grid,
          nicolae_slime_entry_slimehenge, grunt_megastairs_5, uniq_snorg,
          uniq_rupert
Shoals:1: layout_shoals, serial_shops, shop, gammafunk_ghost_berserking_beasts
Orc:1:    layout_diamond_mine
Orc:2:    grunt_orc_community_town_hall, layout_diamond_mine,
          grunt_orc_community_big_house_1, grunt_orc_community_big_house_1,
          grunt_orc_community_house_2, grunt_orc_community_house_2,
          grunt_orc_community_house_1, grunt_orc_community_house_3,
          grunt_orc_community_house_3, grunt_orc_community_house_2, led_sif_book

Skill      XL: |  1  2  3  4  5  6  7  8  9 10 11 12 13 14 15 |
---------------+----------------------------------------------+-----
Hexes          | 4 5 6 7 8 10 11 | 11.2
Stealth        | 5 6 7 9 11 12 14 15 17 18 19 20 | 20.0
Dodging        | 4 5 6 7 9 11 12 13 15 16 | 16.0
Spellcasting   | 3 4 6 7 8 |  8.0
Ice Magic      | 1 |  1.0
Evocations     | 5 8 9 10 12 | 12.0
Translocations | 5 |  5.0
Poison Magic   | 2 |  2.0
Invocations    | 3 4 8 9 11 | 11.0
Air Magic      | 2 3 |  3.0
Fighting       | 3 5 7 |  7.1
Earth Magic    | 4 7 8 |  8.4
Short Blades   | |  1.1

Action                   |  1- 3 |  4- 6 |  7- 9 | 10-12 | 13-15 || total
-------------------------+-------+-------+-------+-------+-------++-------
Melee: Dagger            |   139 |   137 |   798 |   786 |  1083 ||  2943
Throw: Dart              |     1 |       |    19 |     2 |     6 ||    28
       Boomerang         |       |       |     1 |       |       ||     1
 Cast: Corona            |     6 |     1 |     1 |       |       ||     8
       Ensorcelled Hiber |     7 |    39 |    80 |   202 |   445 ||   773
       Tukima's Dance    |       |     1 |       |       |       ||     1
       Confusing Touch   |       |       |    33 |    57 |    74 ||   164
       Mephitic Cloud    |       |       |       |     3 |    16 ||    19
       Blink             |       |       |       |     8 |       ||     8
Evoke: Wand              |       |       |       |    64 |    31 ||    95
       Box of beasts     |       |       |       |       |     1 ||     1
  Use: Scroll            |     2 |     1 |     8 |     6 |    15 ||    32
       Potion            |       |       |     3 |     5 |     3 ||    11
 Stab: Sleeping          |    17 |    30 |    69 |   145 |   341 ||   602
       Confused          |       |       |    35 |    58 |    88 ||   181
       Invisible         |       |       |     1 |     2 |       ||     3
       Paralysed         |       |       |       |     3 |       ||     3
       Distracted        |       |       |       |     1 |     2 ||     3
  Eat: Ration            |       |     2 |     6 |     7 |     9 ||    24
Armor: Robe              |    16 |     6 |    19 |    35 |    99 ||   175
Dodge: Dodged            |   129 |   114 |   557 |   532 |  1019 ||  2351
Block: Other             |       |       |       |       |     8 ||     8
       Reflection        |       |       |       |       |     4 ||     4
